 Dungeon Crawl Stone Soup version 0.23.1-37-gaa34b87b72 (webtiles) character file.

Game seed: 525725108460167627

6682 Bapho the Archer (level 10, 0/83 HPs)
             Began as a Pale Draconian Berserker on Mar 26, 2019.
             Was an Elder of Trog.
             Slain by a yak (6 damage)
             ... on level 10 of the Dungeon.
             The game lasted 00:22:22 (10552 turns).

Bapho the Archer (Pale Draconian Berserker)        Turns: 10552, Time: 00:22:23

Health: 0/83       AC: 11    Str: 20    XL:     10   Next: 73%
Magic:  10/10      EV: 15    Int:  9    God:    Trog [****..]
Gold:   414        SH:  3    Dex: 14    Spells: 9/9 levels left

rFire    . . .     SeeInvis .   a - +1 great sword
rCold    . . .     Gourm    .   (shield currently unavailable)
rNeg     . . .     Faith    .   (armour unavailable)
rPois    .         Spirit   .   (helmet restricted)
rElec    .         Reflect  +   (no cloak)
rCorr    .         Harm     .   k - +0 pair of gloves
MR       .....                  (no boots)
Stlth    +.........             v - +3 amulet of reflection
HPRegen  0.23/turn              f - +2 ring of intelligence
MPRegen  0.12/turn              s - +3 ring of protection

@: lethally poisoned (0 -> -1), berserk cooldown, slowed, very slow
A: breathe steam, unfitting armour, cold-blooded, AC +7
a: Breathe Steam, Berserk, Trog's Hand, Brothers in Arms, Renounce Religion


You were on level 10 of the Dungeon.
You worshipped Trog.
Trog was greatly pleased with you.
You were hungry.

You visited 1 branch of the dungeon, and saw 10 of its levels.

You collected 414 gold pieces.

Inventory:

Hand Weapons
 a - a +1 great sword (weapon)
 b - a +0 shortbow
 Q - a +0 falchion
Missiles
 d - 316 stones (quivered)
 D - 110 arrows
Armour
 k - a +0 pair of gloves (worn)
Jewellery
 f - a +2 ring of intelligence (left hand)
 s - a +3 ring of protection (right hand)
 v - a +3 amulet of reflection (around neck)
 G - an uncursed ring of attention
 K - a +6 ring of dexterity {unknown}
 O - a +3 ring of intelligence
 S - an uncursed ring of see invisible {unknown}
Wands
 y - a wand of polymorph (7)
 H - a wand of enslavement (23)
 R - a wand of disintegration (12)
Scrolls
 g - 3 scrolls of remove curse
 i - 5 scrolls of identify
 l - 3 scrolls of noise {unknown}
 n - 2 scrolls of enchant armour {unknown}
 o - a scroll of random uselessness {unknown}
 p - 2 scrolls of magic mapping {unknown}
 t - a scroll of blinking {unknown}
 u - 5 scrolls of enchant weapon {unknown}
 w - 6 scrolls of teleportation {unknown}
 A - a scroll of fog {unknown}
 E - a scroll of fear {unknown}
 F - a scroll of immolation {unknown}
 J - a scroll of summoning {unknown}
 M - a scroll of amnesia {unknown}
Potions
 c - a potion of brilliance
 e - 2 potions of resistance
 h - 3 potions of invisibility
 j - 2 potions of curing
 m - a potion of flight
 q - 2 potions of agility
 r - 2 potions of mutation {unknown}
 x - 2 potions of magic
 z - a potion of ambrosia {unknown}
 B - 2 potions of haste
 C - a potion of degeneration
 I - 2 potions of lignification {unknown}
 N - 2 potions of heal wounds {unknown}
 P - a potion of cancellation {unknown}
Comestibles
 L - 10 rations


   Skills:
 - Level 6.2 Fighting
 - Level 7.5 Long Blades
 + Level 11.9 Bows
 - Level 5.2 Dodging


You had 9 spell levels left.
You didn't know any spells.
Your spell library contained the following spells:

 Spells                   Type           Power        Failure   Level  Hunger
 Animate Skeleton         Necr           N/A          38%         1    ##.....
 Apportation              Tloc           #.....       38%         1    ##.....
 Confusing Touch          Hex            #.....       38%         1    ##.....
 Corona                   Hex            #......      38%         1    ##.....
 Summon Small Mammal      Summ           #...         38%         1    ##.....
 Ensorcelled Hibernation  Hex/Ice        #.....       52%         2    ###....
 Confuse                  Hex            #.......     77%         3    ####...
 Dazzling Spray           Conj/Hex       #.....       77%         3    ####...
 Tukima's Dance           Hex            #.......     77%         3    ####...


Dungeon Overview and Level Annotations

Branches:
Dungeon (10/15)            Temple (0/1) D:4            Lair (0/6) D:9
    Orc: D:9-12

Altars:
Ashenzari
Cheibriados
Gozag
Okawaru
Ru
Xom
Zin


Innate Abilities, Weirdness & Mutations

You can breathe blasts of scalding, opaque steam.
Your pale cyan-grey scales are hard. (AC +7)
You cannot fit into any form of body armour.
You are cold-blooded and may be slowed by cold attacks.


Message History

Your tail-slap misses the killer bee.
The killer bee is almost dead.
You barely miss the killer bee.
The killer bee is almost dead.
You feel sick. The killer bee misses you. x2
The killer bee barely misses you. The yak barely misses you.
The killer bee barely misses you.
You riposte.
You miss the killer bee.
The killer bee is almost dead.
The yak gores you!
* * * LOW HITPOINT WARNING * * *
You feel sick. You block the killer bee's attack. The killer bee misses you.
You riposte.
You barely miss the killer bee.
The killer bee is severely wounded.
The yak barely misses you.
There is a stone staircase leading down here.
You slash the killer bee!
You kill the killer bee!
Trog accepts your kill.
You feel sick. The yak gores you.
You die...

#............#
#............#
#...####...###
## ##...######
#.........#
#.........#
#....}....#
#..Y......# .
+.@...†...# ...
##+####'###.....
.(...(†††.......
..(.<...........
.(..............
................
.......†........
......(.........
.....(..........


You could see a yak.

Vanquished Creatures
  A two-headed ogre (D:8)
  The ghost of Marnok the Cleaver, a novice HOFi of Cheibriados (D:8)
  A hornet (D:9)
  A hippogriff (D:7)
  4 yaks (D:10)
  A hungry ghost (D:8)
  A soldier ant (D:10)
  A water moccasin (D:10)
  2 porcupines (D:9)
  3 orc warriors
  2 ice beasts
  2 sky beasts
  2 phantoms
  An eye of draining (D:9)
  4 ogres
  A black bear (D:9)
  2 centaurs
  4 bullfrogs
  Blork the orc (D:5)
  5 scorpions
  9 killer bees
  5 wights (D:8)
  2 howler monkeys
  6 crimson imps
  A jelly (D:7)
  A quasit (D:6)
  7 hounds
  3 iguanas
  7 orc priests
  A bullfrog skeleton (D:5)
  A centaur skeleton (D:8)
  4 orc wizards
  Ijyb (D:3)
  3 worker ants
  2 hound zombies
  2 hound skeletons
  A worker ant zombie (D:5)
  A howler monkey skeleton (D:6)
  7 adders
  An ooze (D:4)
  4 worms
  A dart slug (D:2)
  7 leopard geckos
  20 orcs
  A ball python (D:5)
  8 giant cockroaches
  11 goblins
  3 hobgoblins
  11 jackals
  2 quokkas (D:3)
  6 bats
  3 frilled lizards
  A jackal skeleton (D:5)
  7 kobolds
  A leopard gecko skeleton (D:5)
  A quokka skeleton (D:7)
  6 rats
198 creatures vanquished.

Notes
Turn   | Place    | Note
-------+----------+-------------------------------------------
     0 | D:1      | Bapho the Draconian Berserker began the quest for the Orb.
     0 | D:1      | Reached XP level 1. HP: 19/19 MP: 1/1
   181 | D:1      | Reached XP level 2. HP: 26/26 MP: 2/2
  1062 | D:2      | Reached XP level 3. HP: 25/31 MP: 3/3
  1227 | D:2      | Found an opulent altar of Gozag.
  1229 | D:2      | Found a glowing silver altar of Zin.
  1600 | D:3      | Reached ** piety under Trog
  1658 | D:3      | Noticed Ijyb
  1669 | D:3      | Killed Ijyb
  1669 | D:3      | Reached XP level 4. HP: 40/40 MP: 4/4
  1982 | D:3      | Found a snail-covered altar of Cheibriados.
  2018 | D:3      | Noticed an ogre
  2025 | D:3      | Killed an ogre
  2025 | D:3      | Reached XP level 5. HP: 47/47 MP: 5/5
  2036 | D:3      | Noticed a sky beast
  2073 | D:3      | Killed a sky beast
  2073 | D:3      | Reached skill level 5 in Long Blades
  2073 | D:3      | Reached XP level 6. HP: 34/53 MP: 6/6
  3072 | D:4      | Reached skill level 5 in Fighting
  3395 | D:4      | Found a shattered altar of Ashenzari.
  3563 | D:4      | Found a staircase to the Ecumenical Temple.
  3682 | D:5      | Entered Level 5 of the Dungeon
  3843 | D:5      | Your scales start taking on a pale cyan-grey colour.
  3843 | D:5      | Reached XP level 7. HP: 61/61 MP: 7/7
  4221 | D:5      | Found an iron altar of Okawaru.
  4355 | D:5      | Noticed Blork the orc
  4361 | D:5      | Killed Blork the orc
  5057 | D:6      | Found a shimmering altar of Xom.
  5319 | D:6      | Reached skill level 5 in Dodging
  5319 | D:6      | Reached XP level 8. HP: 70/70 MP: 8/8
  5384 | D:6      | Reached *** piety under Trog
  6369 | D:7      | Noticed a hippogriff
  6372 | D:7      | Reached skill level 1 in Bows
  6381 | D:7      | Killed a hippogriff
  6381 | D:7      | Reached skill level 3 in Bows
  6515 | D:7      | Reached skill level 4 in Bows
  6954 | D:7      | Reached skill level 5 in Bows
  7786 | D:8      | Noticed a two-headed ogre
  7796 | D:8      | Killed a two-headed ogre
  7796 | D:8      | Reached skill level 7 in Bows
  7796 | D:8      | Reached XP level 9. HP: 69/75 MP: 9/9
  8339 | D:8      | Reached skill level 8 in Bows
  8699 | D:8      | Found an iron altar of Okawaru.
  8723 | D:8      | Reached skill level 9 in Bows
  8826 | D:8      | Found a runed translucent door.
  8831 | D:8      | Noticed Marnok's ghost (novice HOFi)
  8890 | D:8      | Received a gift from Trog
  9115 | D:8      | Killed Marnok's ghost
  9115 | D:8      | Reached XP level 10. HP: 83/83 MP: 10/10
  9228 | D:9      | Found a sacrificial altar of Ru.
  9237 | D:9      | Reached skill level 10 in Bows
  9794 | D:9      | Reached **** piety under Trog
  9880 | D:9      | Reached skill level 11 in Bows
 10302 | D:9      | Found a staircase to the Lair.
 10320 | D:10     | Entered Level 10 of the Dungeon
 10359 | D:10     | Received a gift from Trog
 10552 | D:10     | Slain by a yak

Skill      XL: |  1  2  3  4  5  6  7  8  9 10 |
---------------+-------------------------------+-----
Dodging        | 3 4 5 |  5.2
Long Blades    | 4 5 6 7 |  7.5
Fighting       | 4 5 6 |  6.2
Bows           | 7 9 11 | 11.9

Action                   |  1- 3 |  4- 6 |  7- 9 | 10-12 || total
-------------------------+-------+-------+-------+-------++-------
Melee: Falchion          |    67 |    87 |   272 |       ||   426
       Tailslap          |    18 |    18 |    59 |    10 ||   105
       Great sword       |       |       |     7 |    95 ||   102
 Fire: Shortbow          |       |       |   108 |    63 ||   171
Throw: Stone             |   126 |    90 |    98 |     3 ||   317
Invok: Berserk           |     1 |     3 |     8 |     4 ||    16
       Trog's Hand       |       |       |     1 |       ||     1
 Abil: Breathe Steam     |       |       |     4 |     1 ||     5
  Use: Scroll            |       |     8 |       |       ||     8
       Potion            |       |       |       |     1 ||     1
  Eat: Chunk             |     2 |    11 |    18 |     7 ||    38
       Ration            |       |       |     2 |       ||     2
Armor: Skin              |    23 |    16 |    73 |    63 ||   175
Dodge: Dodged            |    68 |    71 |   171 |   142 ||   452
Block: Other             |       |     1 |    22 |    21 ||    44
       Rpst.: Falchion   |    19 |    20 |    56 |       ||    95
       Great sword       |       |       |     1 |    46 ||    47
